 Dungeon Crawl Stone Soup version 0.31-a0-75-g6fe912e8c5 (webtiles) character file.

Game seed: 13390879340209761703

1786605 juan097 the Impregnable (level 26, 244/244 (246) HPs)
             Began as a Minotaur Fighter on May 23, 2023.
             Was the Champion of Makhleb.
             Escaped with the Orb
             ... and 3 runes!
             The game lasted 02:37:53 (60926 turns).

juan097 the Impregnable (Minotaur Fighter)         Turns: 60926, Time: 02:37:54

HP:   244/244 (246) AC: 45    Str: 31    XL:     26   Next: 55%
MP:   35/35         EV: 12    Int:  4    God:    Makhleb [******]
Gold: 2489          SH: 16    Dex: 14    Spells: 25/25 levels left

rFire   + + .        a - +9 broad axe (elec)
rCold   + + +        A - +2 kite shield {reflect}
rNeg    . . .        h - +8 gold dragon scales
rPois   +            B - +2 hat
rElec   +            e - +2 cloak of Agoraphobia {rPois rF+ rCorr Int-3}
rCorr   +            D - +1 pair of gloves of Yrurr {Dex+7}
SInv    +            Y - +2 pair of boots {Stlth+}
Will    +++..        G - amulet of Piarhept {Regen+ Str+2 SInv} Stlth
                     R - ring "Suohuo" {rElec rC+ MP+9 Dex-5}
HPRegen 1.40/turn    t - ring "Vaok" {Will++ rCorr MP-9 Slay+6 Stlth+, =R}
MPRegen 0.24/turn

%: reflection
@: lightly drained
A: horns 2, retaliatory headbutt, cold resistance 1
0: Orb of Zot
}: 3/15 runes: barnacled, silver, gossamer
a: Renounce Religion, Minor Destruction, Lesser Servant of Makhleb, Major
Destruction, Greater Servant of Makhleb


You escaped.
You worshipped Makhleb.
Makhleb was exalted by your worship.
You visited 8 branches of the dungeon, and saw 44 of its levels.
You also visited: Sewer, Bailey and Ice Cave.

You collected 6471 gold pieces.
You spent 3982 gold pieces at shops.

Inventory:

Hand Weapons
 a - a +9 broad axe of electrocution (weapon)
 b - a +3 broad axe of venom
Missiles
 g - 11 datura-tipped darts
 o - 4 silver javelins (quivered)
 v - 49 boomerangs
 z - 7 throwing nets
 T - 8 javelins
 U - 11 curare-tipped darts
Armour
 e - the +2 cloak of Agoraphobia (worn) {rPois rF+ rCorr Int-3}
   (You acquired it on level 3 of the Dungeon)

   Int:       It affects your intelligence (-3).
   rF:        It protects you from fire.
   rPois:     It protects you from poison.
   rCorr:     It protects you from acid and corrosion.
 h - +8 gold dragon scales (worn)
 A - a +2 kite shield of reflection (worn)
 B - a +2 hat (worn)
 D - the +1 pair of gloves of Yrurr (worn) {Dex+7}
   (You found it on level 3 of the Vaults)

   Dex:       It affects your dexterity (+7).
 Y - a +2 pair of boots of stealth (worn)
Jewellery
 q - the ring "Luzupev" {rElec rC+ Will+ Str+6 Int-5 Slay+6}
   (You found it on level 5 of the Realm of Zot)

   [ring of strength]

   Str:       It affects your strength (+6).
   Int:       It affects your intelligence (-5).
   Slay:      It affects your accuracy & damage with ranged weapons and melee
   (+6).
   rC:        It protects you from cold.
   rElec:     It insulates you from electricity.
   Will:      It increases your willpower.
 t - the ring "Vaok" (right hand) {Will++ rCorr MP-9 Slay+6 Stlth+, =R}
   (You acquired it on level 3 of the Depths)

   [ring of resist corrosion]

   Slay:      It affects your accuracy & damage with ranged weapons and melee
   (+6).
   MP:        It affects your magic capacity (-9).
   rCorr:     It protects you from acid and corrosion.
   Will:      It greatly increases your willpower.
   Stlth:     It makes you more stealthy.
 G - the amulet of Piarhept (around neck) {Regen+ Str+2 SInv}
   (You took it off an ironbound preserver on level 5 of the Vaults)

   [amulet of regeneration]

   Str:       It affects your strength (+2).
   SInv:      It lets you see invisible.
   Regen:     It increases your rate of health regeneration.
 H - the ring of Satisfaction {rC+ Int+6}
   (You found it in an ice cave)

   [ring of protection from cold]

   Int:       It affects your intelligence (+6).
   rC:        It protects you from cold.
 R - the ring "Suohuo" (left hand) {rElec rC+ MP+9 Dex-5}
   (You found it on level 2 of the Depths)

   [ring of magical power]

   Dex:       It affects your dexterity (-5).
   rC:        It protects you from cold.
   rElec:     It insulates you from electricity.
   MP:        It affects your magic capacity (+9).
 V - a ring of willpower
Wands
 k - a wand of roots (36)
 y - a wand of mindburst (14)
 K - a wand of digging (6)
 M - a wand of acid (10)
Scrolls
 i - 6 scrolls of poison
 p - 8 scrolls of fear
 s - 4 scrolls of silence
 w - 7 scrolls of magic mapping
 x - 12 scrolls of teleportation
 J - 3 scrolls of blinking
 N - 6 scrolls of fog
 Q - 11 scrolls of immolation
 W - a scroll of enchant weapon
 X - 4 scrolls of butterflies
Potions
 d - 4 potions of berserk rage
 f - 7 potions of attraction
 j - 3 potions of resistance
 l - 3 potions of cancellation
 m - 17 potions of curing
 r - 6 potions of mutation
 u - 2 potions of might
 C - 3 potions of haste
 E - 7 potions of ambrosia
 L - 5 potions of lignification
 O - 5 potions of heal wounds
 P - 2 potions of invisibility
 S - 5 potions of enlightenment
Miscellaneous
 c - a phial of floods
 n - a phantom mirror


   Skills:
 + Level 22.0 Fighting
 - Level 20.0 Axes
 - Level 18.0 Throwing
 - Level 22.0 Armour
 - Level 14.0 Dodging
 - Level 8.0 Stealth
 - Level 16.0 Shields
 - Level 18.0 Invocations
 - Level 16.0 Evocations


You had 25 spell levels left.
You didn't know any spells.
Your spell library contained the following spells:

 Spells                   Type           Power      Damage    Failure   Level
 Apportation              Tloc           0%         N/A       99%         1
 Freeze                   Ice            0%         1d3       99%         1
 Magic Dart               Conj           0%         1d3       99%         1
 Necrotise                Necr           0%         1d4       99%         1
 Sandblast                Erth           0%         2d4       99%         1
 Shock                    Conj/Air       0%         1d3       99%         1
 Summon Small Mammal      Summ           0%         N/A       99%         1
 Blink                    Tloc           0%         N/A       100%        2
 Call Imp                 Summ           0%         N/A       100%        2
 Cigotuvi's Dreadful Rot  Necr/Pois/Air  0%         N/A       100%        2
 Ensorcelled Hibernation  Hex/Ice        0%         N/A       100%        2
 Lesser Beckoning         Tloc           0%         N/A       100%        2
 Momentum Strike          Conj/Tloc      0%         3d8       100%        2
 Passwall                 Tmut/Erth      0%         N/A       100%        2
 Searing Ray              Conj           0%         2d4       100%        2
 Sublimation of Blood     Necr           0%         N/A       100%        2
 Call Canine Familiar     Summ           0%         N/A       100%        3
 Frozen Ramparts          Ice            0%         1d1       100%        3
 Gell's Gravitas          Tloc           0%         N/A       100%        3
 Hailstorm                Conj/Ice       0%         3d3       100%        3
 Ignite Poison            Fire/Tmut/Pois 0%         N/A       100%        3
 Inner Flame              Hex/Fire       0%         N/A       100%        3
 Mephitic Cloud           Conj/Pois/Air  0%         N/A       100%        3
 Portal Projectile        Hex/Tloc       0%         N/A       100%        3
 Spider Form              Tmut/Pois      0%         N/A       100%        3
 Stone Arrow              Conj/Erth      0%         3d7       100%        3
 Summon Guardian Golem    Hex/Summ       0%         N/A       100%        3
 Swiftness                Air            0%         N/A       100%        3
 Teleport Other           Tloc           0%         N/A       100%        3
 Tukima's Dance           Hex            0%         N/A       100%        3
 Airstrike                Air            0%         2d(0-16)  100%        4
 Anguish                  Hex/Necr       0%         N/A       100%        4
 Cause Fear               Hex            0%         N/A       100%        4
 Flame Wave               Conj/Fire      0%         2d4       100%        4
 Fulminant Prism          Conj/Hex       0%         3d5       100%        4
 Ice Form                 Ice/Tmut       0%         N/A       100%        4
 Leda's Liquefaction      Hex/Erth       0%         N/A       100%        4
 Passage of Golubria      Tloc           0%         N/A       100%        4
 Petrify                  Tmut/Erth      0%         N/A       100%        4
 Sticky Flame             Conj/Fire      0%         2d3       100%        4
 Summon Ice Beast         Ice/Summ       0%         N/A       100%        4
 Summon Lightning Spire   Summ/Air       0%         N/A       100%        4
 Alistair's Intoxication  Tmut/Pois      0%         N/A       100%        5
 Freezing Cloud           Conj/Ice/Air   0%         6-21      100%        5
 Irradiate                Conj/Tmut      0%         3d11      100%        5
 Yara's Violent Unravell  Hex/Tmut       0%         3d3       100%        5
 Conjure Ball Lightning   Conj/Air       0%         3x3d6     100%        6
 Dispersal                Tloc           0%         N/A       100%        6
 Simulacrum               Ice/Necr       0%         N/A       100%        6
 Dragon Form              Tmut           0%         N/A       100%        7
 Enfeeble                 Hex            0%         N/A       100%        7
 Monstrous Menagerie      Summ           0%         N/A       100%        7
 Storm Form               Tmut/Air       0%         N/A       100%        7
 Borgnjor's Revivificati  Necr           0%         N/A       100%        8
 Discord                  Hex            0%         N/A       100%        8
 Disjunction              Tloc           0%         N/A       100%        8
 Maxwell's Capacitive Co  Air            0%         ∞         100%        8
 Necromutation            Tmut/Necr      0%         N/A       100%        8
 Death's Door             Necr           0%         N/A       100%        9
 Dragon's Call            Summ           0%         N/A       100%        9


Dungeon Overview and Level Annotations

Branches:
Dungeon (15/15)            Temple (0/1) D:5            Lair (5/5) D:9
 Shoals (4/4) Lair:2       Spider (4/4) Lair:2        Slime (0/5) Lair:5
    Orc (2/2) D:12            Elf (0/3) Orc:2        Vaults (5/5) D:13
  Crypt (0/3) Vaults:2     Depths (4/4) D:15            Zot (5/5) Depths:4
  Sewer (visited)          Bailey (visited)           IceCv (visited)

Altars:
Hepliaklqana
Kikubaaqudgha
Makhleb
Nemelex Xobeh
Qazlal
Ru
Trog
Vehumet
Wu Jian
Yredelemnul
Zin
The Shining One

Shops:
D:1 :   D:3 ?   D:4 (   D:8 *   D:10 *   Orc:1 (   Orc:2 (:[*   Shoals:4 *
Vaults:2 (

Portals:
Hell: Depths:1 Depths:2 Depths:3 Depths:4
Abyss: Depths:4
Pandemonium: Depths:2 Depths:3
Ziggurat: Depths:2

Annotations:
D:4 Boris
D:8 3 runed translucent doors, porpoise's ghost, journeyman KoHu
D:9 3 runed translucent doors, LobsterGuardian's ghost, novice SpWr
D:15 Roxanne
Lair:5 3 runed translucent doors, Pokonic1's ghost, journeyman GrMo
Zot:5 exclusion: orange crystal statue


Innate Abilities, Weirdness & Mutations

You have a pair of horns on your head.
You reflexively headbutt those who attack you in melee.
Your flesh is cold resistant. (rC+)


Message History

You kill the golden eye!
Makhleb accepts your kill.
Training target 16.0 for Evocations reached!
Your Evocations skill increases to level 16!
You need to enable at least one skill for training.
(D) Dungeon (T) Temple (L) Lair (A) Shoals (N) Spider Nest (M) Slime Pits (O) Orcish Mines (E) Elven Halls (V) Vaults (C) Crypt (U) Depths (H) Hell (Z) Zot
Where to? (Enter - D:1, ? - help)
There is a stone staircase leading down here.
There is an open door here.
There is an open door here.
Boris, Master of Life and Death comes into view.
He is wearing a +2 robe of fire resistance.
Boris is empowered by the presence of the orb!
Boris conjures an orb of pure magic.
An orb of destruction comes into view.
There is a stone staircase leading up here.
Boris launches a ball of destructive magic.
Boris gestures at you while chanting. The bolt of cold hits you! You resist.
You climb upwards.
There is a stone staircase leading down here.
(D) Dungeon (T) Temple (L) Lair (A) Shoals (N) Spider Nest (M) Slime Pits (O) Orcish Mines (E) Elven Halls (V) Vaults (C) Crypt (U) Depths (H) Hell (Z) Zot
Where to? (Enter - D:1, ? - help) HP restored.
There is a stone staircase leading up here.
You climb upwards.
There is a stone staircase leading down here.
There is a stone staircase leading up here.
You climb upwards.
There is a stone staircase leading down here.
There is an open door here.
There is an open door here.
There is an open door here.
There is a staircase leading out of the dungeon here.
You have escaped!

#...)...(..# #.#....)........##
#.....#########'#########.#####
##...##.................###
#...##.#.###########.#.#
###...##.##.#.......#.##.# #
....÷..#.#.#.###+###.#.#.# #
.......#.#.#.#....[#.#.#.# ####
.....###.#.#.#.....#.#.#.#####.##
####.'.'.#.#.+..@..'.#.#.'.'.#.##
#.###.#.#.#.....#.#.#.###...##
#...#.#.#.#.....#.#.#.#....##.
#...#.#.#.###+###.#.#.#.......
#...#.##.#.......#.##.###..>#.
#...#.#.###########.#.#.......
#...#.................#.......
#...#########'#########.......
##......###..#.#...............


There were no monsters in sight!

Vanquished Creatures
  A dread lich (Zot:5)
  An orb of fire (Zot:4)
  2 ancient liches
  Mara (Shoals:3)
  A juggernaut (Depths:3)
  Sojobo (Depths:1)
  Boris (Depths:3)
  Vv (Depths:2)
  3 Killer Klowns
  A shard shrike (Zot:5)
  Frederick (Depths:4)
  Saint Roka (Depths:1)
  A curse toe (Zot:1)
  The ghost of Yptir the Protected, an adept AtFE of Vehumet (Vaults:3)
  9 golden dragons
  Arachne (Spider:3)
  An electric golem (Zot:5)
  2 doom hounds (Zot:3)
  A Brimstone Fiend (D:13)
  10 tentacled monstrosities
  A walking crystal tome (Depths:3)
  6 liches
  20 Orb Guardians
  Jorgrun (Spider:3)
  Grunn (Zot:3)
  2 walking earthen tomes (Depths:3)
  A walking divine tome (Depths:3)
  Mlioglotl (Spider:2)
  8 titans
  A titan (shapeshifter) (Vaults:5)
  A walking frostbound tome (Depths:3)
  7 death cobs
  7 quicksilver dragons
  The ghost of Iluymox the Imperceptible, an adept KoBr of Hepliaklqana (Vaults:2)
  Kirke (Lair:4)
  7 sphinxes
  Gastronok (D:12)
  An ancient champion (Vaults:2)
  13 storm dragons
  An Executioner (Depths:4)
  Polyphemus (Shoals:3)
  10 tengu reavers
  A demonspawn warmonger (Depths:4)
  9 shadow dragons
  3 draconian knights
  An azure jelly (IceCv)
  12 vault wardens
  8 emperor scorpions
  14 fire giants
  6 iron dragons
  A draconian shifter (Depths:4)
  The ghost of Zays the Fighter, an adept GrEE of Okawaru (Shoals:3)
  10 frost giants
  Louise (D:15)
  Aizul (Spider:2)
  A balrug (Depths:2)
  An angel (Zot:2)
  11 ghost moths
  3 spriggan defenders
  15 ironbound preservers
  2 draconian stormcallers
  2 war gargoyles
  2 orc warlords
  5 draconian annihilators
  10 ironbound thunderhulks
  13 stone giants
  14 very ugly things
  2 broodmothers
  6 green draconians
  3 vampire knights
  13 black draconians
  A deep elf demonologist (Vaults:4)
  3 deep elf annihilators (Vaults:5)
  5 purple draconians
  3 dire elephants
  14 spark wasps
  7 red draconians
  10 white draconians
  3 yellow draconians
  17 ettins
  A quicksilver dragon zombie (Vaults:4)
  Snorg (Lair:5)
  An eidolon (Vaults:2)
  A jiangshi (Vaults:2)
  5 merfolk impalers
  3 formless jellyfish (Vaults:4)
  11 fire dragons
  2 deep elf high priests (Vaults:5)
  Josephine (Lair:4)
  A fire dragon (shapeshifter) (Vaults:5)
  3 ice dragons (Depths:4)
  12 yaktaur captains
  2 rakshasas
  9 entropy weavers
  4 hydras
  5 great orbs of eyes
  8 ironbound frosthearts
  A hell beast (Depths:2)
  Harold (Orc:1)
  A peacekeeper (Vaults:2)
  30 vault guards
  A merfolk avatar (Shoals:4)
  An ogre mage (D:12)
  A radroach (Spider:2)
  A catoblepas (Shoals:3)
  6 merfolk aquamancers
  4 spriggan air magi
  2 death knights
  14 boulder beetles
  3 alligator snapping turtles (Shoals:4)
  An anaconda (shapeshifter) (Depths:3)
  A satyr (Shoals:3)
  A boulder beetle (shapeshifter) (Vaults:5)
  15 centaur warriors
  14 two-headed ogres
  3 tengu warriors
  5 deep troll shamans
  12 deep troll earth magi
  6 orc high priests
  3 vampire magi
  2 hell hogs (Depths:2)
  4 death yaks (Shoals:3)
  5 spriggan berserkers
  3 soul eaters (Depths:2)
  10 hell knights
  A deep elf knight (Spider:4)
  4 sun demons (Depths:2)
  A shock serpent (shapeshifter) (D:15)
  A skyshark (shapeshifter) (Depths:3)
  4 skeletal warriors
  A skyshark (Lair:4)
  Lodul (D:12)
  A sixfirhy (Depths:2)
  5 pharaoh ants
  A sun moth (Spider:2)
  A salamander mystic (Depths:2)
  9 iron trolls
  7 sea snakes
  5 flayed ghosts
  8 orb spiders
  5 glowing orange brains
  13 wizards
  38 deep trolls
  9 harpies
  A deep elf archer (Spider:4)
  16 ironbound convokers
  Pikel (D:8)
  14 orc knights
  5 steelbarb worms
  3 phantasmal warriors
  3 necromancers
  3 lindwurms (Vaults:1)
  A shining eye (shapeshifter) (Vaults:5)
  7 fauns
  4 deep elf pyromancers
  A salamander (shapeshifter) (D:13)
  6 orc sorcerers
  24 ugly things
  3 salamanders
  22 wolf spiders
  24 moths of wrath
  A cyclops (shapeshifter) (Depths:3)
  10 cyclopes
  A manticore (shapeshifter) (Depths:3)
  17 manticores
  4 merfolk sirens
  2 smoke demons (Depths:2)
  15 elephants
  17 vault sentinels
  4 water nymphs (Shoals:4)
  A water nymph (shapeshifter) (Depths:3)
  A molten gargoyle (Depths:2)
  6 black mambas
  2 ice statues (IceCv)
  2 gargoyles
  A torpor snail (Spider:2)
  4 demonic crawlers
  4 unseen horrors
  8 cane toads
  3 rime drakes
  An orange demon (Depths:2)
  5 kobold demonologists
  A yaktaur skeleton (Vaults:4)
  A tormentor (Zot:2)
  6 efreet
  3 freezing wraiths
  9 komodo dragons
  10 yaktaurs
  4 tengu conjurers
  6 polar bears
  A merfolk (shapeshifter) (Depths:2)
  6 trolls
  3 wind drakes
  A red devil (Depths:2)
  A meliai (shapeshifter) (D:13)
  7 hornets
  16 merfolk
  3 meliai (D:15)
  Grinder (Sewer)
  26 tarantellas
  10 blink frogs
  25 dream sheep
  13 jumping spiders
  62 slime creatures
  8 snapping turtles
  A vampire (D:12)
  10 wraiths
  13 culicivoras
  16 spriggans
  A culicivora (shapeshifter) (Vaults:5)
  A shadow (D:12)
  9 water elementals
  5 basilisks
  50 yaks
  6 vampire mosquitoes
  A wyvern (D:9)
  4 golden eyes (D:4)
  7 hogs
  A redback (shapeshifter) (Depths:2)
  46 redbacks
  A swamp worm (shapeshifter) (Vaults:5)
  7 wargs
  Edmund (D:5)
  3 acid dragons
  3 hell hounds
  15 water moccasins
  A glowing shapeshifter skeleton (Vaults:4)
  42 orc warriors
  2 ice beasts (D:7)
  2 sky beasts (D:7)
  4 black bears
  24 wolves
  3 great orb of eyes simulacra (IceCv)
  5 boggarts
  22 ogres
  19 centaurs
  2 phantoms
  A slime creature simulacrum (IceCv)
  13 kobold brigands
  5 bullfrogs
  2 gnoll sergeants
  5 glowing shapeshifter simulacra (IceCv)
  3 scorpions
  8 wights
  5 killer bees (D:10)
  3 electric eels
  A howler monkey (D:5)
  2 quasits (Sewer)
  2 hounds
  4 jellies
  Crazy Yiuf (D:7)
  26 orc priests
  6 iguanas
  A sleepcap (D:8)
  A gnoll bouda (D:6)
  A shapeshifter simulacrum (IceCv)
  28 orc wizards
  19 gnolls
  8 adders
  A river rat (D:3)
  A river rat (shapeshifter) (Vaults:5)
  6 shadow imps
  5 ufetubi
  3 dart slugs
  111 orcs
  3 ball pythons
  4 endoplasms
  3 giant cockroaches
  7 goblins
  5 hobgoblins
  4 jackals (D:2)
  38 kobolds
  3 quokkas
  2 bats (D:2)
  3 frilled lizards
  2 rats
  A butterfly (D:5)
1848 creatures vanquished.

Vanquished Creatures (collateral kills)
  2 ironbound thunderhulks (Vaults:3)
  Azrael (D:12)
  2 merfolk impalers (Shoals:4)
  An entropy weaver (Spider:2)
  A vault guard (Vaults:5)
  A wizard (Vaults:3)
  A merfolk siren (Shoals:4)
  A cane toad (Lair:4)
  A merfolk (Shoals:4)
  A polar bear (Lair:5)
  A dream sheep (Lair:5)
  A tarantella (Spider:1)
  A jumping spider (Spider:1)
  A spriggan (Lair:5)
  A water elemental (Shoals:4)
  2 hell hounds (D:12)
  A black bear (Lair:5)
  A boggart (Lair:5)
  A wolf (Lair:5)
  4 orcs
26 creatures vanquished.

Vanquished Creatures (others)
  An ancient lich (Vaults:2)
  A draconian knight (Zot:1)
  An ettin (Zot:2)
  A rakshasa (Depths:3)
  A vault guard (Vaults:5)
  A moth of wrath (Zot:2)
  A yak (D:5)
  A basilisk (Lair:4)
  2 ogres (Zot:2)
  A boggart (Lair:5)
  An orc wizard (Orc:2)
  A gnoll (D:5)
13 creatures vanquished.

Grand Total: 1887 creatures vanquished

Notes
Turn   | Place    | Note
-------+----------+-------------------------------------------
     0 | D:1      | juan097 the Minotaur Fighter began the quest for the Orb.
     0 | D:1      | Reached XP level 1. HP: 19/19 MP: 0/0
   270 | D:1      | Found Elamayc's Book Emporium.
   440 | D:2      | Reached XP level 2. HP: 27/27 MP: 1/1
   640 | D:2      | Reached skill level 1 in Dodging
   754 | D:2      | Reached XP level 3. HP: 33/33 MP: 2/2
  1047 | D:3      | Found a glowing drain.
  1051 | Sewer    | Entered a sewer
  1071 | Sewer    | Reached XP level 4. HP: 40/40 MP: 3/3
  1175 | Sewer    | Found a burning altar of Makhleb.
  1247 | Sewer    | Noticed Grinder
  1265 | Sewer    | Reached XP level 5. HP: 29/46 MP: 4/4
  1275 | Sewer    | Killed Grinder
  1276 | Sewer    | Reached skill level 5 in Axes
  1276 | Sewer    | Reached XP level 6. HP: 19/53 MP: 5/5
  1437 | Sewer    | Reached skill level 5 in Armour
  1443 | Sewer    | Became a worshipper of Makhleb the Destroyer
  1508 | Sewer    | Reached skill level 5 in Fighting
  1573 | Sewer    | Identified the +2 flail of the Skies Above {flame, *Corrode
                  | rElec Dex+5 Stlth+}
  2428 | D:3      | Found Gopt's Magic Scroll Boutique.
  2436 | D:3      | Bought a scroll of identify for 28 gold pieces
  2436 | D:3      | Bought a scroll of teleportation for 42 gold pieces
  2436 | D:3      | Bought a scroll of fear for 56 gold pieces
  2436 | D:3      | Bought a scroll of enchant weapon for 105 gold pieces
  2841 | D:3      | Reached skill level 5 in Shields
  2841 | D:3      | Reached XP level 7. HP: 37/61 MP: 6/6
  2845 | D:3      | Reached * piety under Makhleb
  3294 | D:4      | Found a stormy altar of Qazlal.
  3341 | D:3      | Bought a scroll of vulnerability for 56 gold pieces
  3342 | D:3      | Identified a scroll of acquirement
  3346 | D:3      | Acquired the +2 cloak of Agoraphobia {rPois rF+ rCorr
                  | Int-3}
  3447 | D:4      | Reached skill level 1 in Invocations
  3540 | D:4      | Reached skill level 1 in Throwing
  3623 | D:4      | Found Extiel's Weapon Boutique.
  3997 | D:5      | Entered Level 5 of the Dungeon
  4021 | D:5      | Reached XP level 8. HP: 55/69 MP: 8/8
  4103 | D:5      | Found a basalt altar of Yredelemnul.
  4152 | D:5      | Found a sparkling altar of Nemelex Xobeh.
  4541 | D:5      | Found a staircase to the Ecumenical Temple.
  4713 | D:5      | Noticed Edmund
  4737 | D:5      | Reached ** piety under Makhleb
  4879 | D:5      | Found a glowing golden altar of the Shining One.
  4894 | D:5      | Killed Edmund
  5040 | D:5      | Reached XP level 9. HP: 75/78 MP: 10/10
  6249 | D:6      | Reached *** piety under Makhleb
  6597 | D:7      | Found a flagged portal.
  6627 | Bailey   | Entered a bailey
  6764 | Bailey   | Found the +8 trishula "Condemnation" {holy, anguish, *Noise
                  | Fly rN+}
  6774 | Bailey   | Reached skill level 10 in Axes
  6877 | Bailey   | Found an iron altar of Okawaru.
  6969 | D:7      | Identified the +3 leather armour of Knowledge {rC+}
  7068 | D:7      | Reached XP level 10. HP: 88/88 MP: 12/12
  7300 | D:7      | Found a runed translucent door.
  7301 | D:7      | Noticed Crazy Yiuf
  7437 | D:7      | Reached **** piety under Makhleb
  7660 | D:7      | Killed Crazy Yiuf
  7771 | D:8      | Found Exkoiso's Assorted Antiques.
  7776 | D:8      | Bought a yellow potion for 25 gold pieces
  7776 | D:8      | Bought a sedimented coppery potion for 25 gold pieces
  7776 | D:8      | Bought a scroll of fear for 112 gold pieces
  7776 | D:8      | Bought a scroll of identify for 56 gold pieces
  7797 | D:8      | Noticed a two-headed ogre
  7807 | D:8      | Killed a two-headed ogre
  7808 | D:8      | Reached skill level 1 in Stealth
  7808 | D:8      | Reached skill level 5 in Invocations
  7980 | D:8      | Noticed Pikel
  8013 | D:8      | Killed Pikel
  8169 | D:8      | Found a runed translucent gate.
  8169 | D:8      | Identified the +6 plate armour of Dyspraxia {Dex+6 Slay-5}
  8169 | D:8      | Noticed porpoise's ghost (journeyman KoHu)
  8170 | D:8      | Found a runed translucent gate.
  8171 | D:8      | Found a runed translucent gate.
  8485 | D:9      | Found a runed translucent gate.
  8485 | D:9      | Found a runed translucent gate.
  8486 | D:9      | Found a runed translucent gate.
  8488 | D:9      | Noticed LobsterGuardian's ghost (novice SpWr)
  8510 | D:9      | Found an ancient bone altar of Kikubaaqudgha.
  8541 | D:9      | Found a radiant altar of Vehumet.
  8603 | D:9      | Noticed a two-headed ogre
  8616 | D:9      | Killed a two-headed ogre
  9300 | D:9      | Found a staircase to the Lair.
  9443 | D:9      | Noticed a two-headed ogre
  9451 | D:9      | Killed a two-headed ogre
  9452 | D:9      | Reached XP level 11. HP: 83/97 MP: 14/14
  9837 | D:9      | Reached ***** piety under Makhleb
  9889 | D:10     | Entered Level 10 of the Dungeon
 10048 | D:10     | Found Enkobb's General Store.
 10057 | D:10     | Bought a scroll of immolation for 64 gold pieces
 10057 | D:10     | Bought a scroll of poison for 64 gold pieces
 10057 | D:10     | Bought a potion of brilliance for 64 gold pieces
 10071 | D:10     | Noticed a two-headed ogre
 10078 | D:10     | Killed a two-headed ogre
 10183 | D:10     | Noticed a two-headed ogre
 10214 | D:10     | Killed a two-headed ogre
 10629 | D:10     | Noticed a boulder beetle
 10640 | D:10     | Killed a boulder beetle
 10667 | D:10     | Noticed a two-headed ogre
 10682 | D:10     | Noticed a death knight
 10684 | D:10     | Killed a two-headed ogre
 10689 | D:10     | Reached skill level 10 in Fighting
 10727 | D:10     | Reached skill level 10 in Armour
 10826 | D:10     | Identified the ring "Wontif" {rPois MP+9 Int+2 Stlth+}
 10826 | D:10     | Noticed a white ugly thing
 10850 | D:10     | Killed a white ugly thing
 11012 | Lair:1   | Entered Level 1 of the Lair of Beasts
 11079 | Lair:1   | Found an ancient bone altar of Kikubaaqudgha.
 11810 | Lair:2   | Reached XP level 12. HP: 103/107 MP: 16/16
 12185 | Lair:2   | Found a staircase to the Shoals.
 12773 | Lair:2   | Reached ****** piety under Makhleb
 12988 | Lair:2   | Found a hole to the Spider Nest.
 13109 | Lair:2   | Reached skill level 15 in Axes
 13379 | Lair:3   | Identified the +10 scimitar of Piuh {drain, Str+3}
 13978 | Lair:3   | Reached XP level 13. HP: 64/117 MP: 18/18
 14229 | Lair:4   | Noticed Kirke
 14708 | Lair:4   | Noticed Josephine
 14725 | Lair:4   | Killed Josephine
 15735 | Lair:4   | Killed Kirke
 15944 | Lair:5   | Entered Level 5 of the Lair of Beasts
 15957 | Lair:5   | Noticed Snorg
 15975 | Lair:5   | Killed Snorg
 16078 | Lair:5   | Noticed a dire elephant
 16080 | Lair:5   | Noticed Pokonic1's ghost (journeyman GrMo)
 16091 | Lair:5   | Found a runed translucent gate.
 16091 | Lair:5   | Found a runed translucent gate.
 16101 | Lair:5   | Found a staircase to the Slime Pits.
 16239 | Lair:5   | Found a runed translucent gate.
 16886 | Lair:5   | Reached skill level 10 in Invocations
 16977 | Lair:5   | Reached XP level 14. HP: 49/129 MP: 20/20
 19111 | D:10     | Identified the +4 sling of the Warrior {freeze, rPois}
 20133 | D:12     | Noticed Lodul
 20145 | D:12     | Killed Lodul
 20158 | D:12     | Found a frozen archway.
 20184 | IceCv    | Entered an ice cave
 20553 | IceCv    | Found a viscous altar of Jiyva.
 20553 | IceCv    | Noticed an azure jelly
 20568 | IceCv    | Killed an azure jelly
 20713 | IceCv    | Reached skill level 1 in Evocations
 20734 | IceCv    | Identified the ring of Satisfaction {rC+ Int+6}
 21206 | D:12     | Noticed Azrael
 21219 | D:12     | Killed Azrael
 21353 | D:12     | Identified the +4 orcbow "Bitsoav" {antimagic, SInv}
 21362 | D:12     | Reached XP level 15. HP: 110/138 MP: 23/23
 21659 | D:12     | Found a runed translucent door.
 21660 | D:12     | Found a runed translucent door.
 21671 | D:12     | Found a runed translucent door.
 21960 | D:12     | Reached skill level 5 in Dodging
 22166 | D:12     | Found a staircase to the Orcish Mines.
 22287 | D:12     | Reached skill level 5 in Throwing
 22819 | Orc:1    | Entered Level 1 of the Orcish Mines
 23087 | Orc:1    | Noticed Gastronok
 23739 | D:12     | Killed Gastronok
 23771 | Orc:1    | Found Reuw's Weapon Shop.
 23879 | Orc:2    | Entered Level 2 of the Orcish Mines
 24323 | Orc:2    | Found a staircase to the Elven Halls.
 24434 | Orc:1    | Noticed Harold
 24451 | Orc:1    | Killed Harold
 25576 | Orc:2    | Found Saacvis's General Store.
 25577 | Orc:2    | Found Rosihar's Book Emporium.
 25579 | Orc:2    | Found Buine's Antique Armour Emporium.
 25579 | Orc:2    | Found Zuxket's Antique Weapon Shoppe.
 25631 | Orc:2    | Reached skill level 15 in Fighting
 26150 | Orc:2    | Bought a steaming scale mail for 279 gold pieces
 26150 | Orc:2    | Identified the +4 scale mail of a Gauntlet {MP+9 Int+2}
                  | (You bought it in a shop on level 2 of the Orcish Mines)
 26178 | Orc:2    | Bought a scroll of acquirement for 780 gold pieces
 26186 | Orc:2    | Bought a runed plate armour for 806 gold pieces
 26197 | Orc:2    | Acquired a manual of Armour
 26251 | Orc:2    | Bought a pair of boots for 139 gold pieces
 26313 | Orc:2    | Bought the amulet of Quhomueg {Reflect Str+4 SH+5} for 681
                  | gold pieces
 26485 | D:13     | Reached skill level 15 in Armour
 27060 | D:13     | Found a gate to the Vaults.
 27107 | D:13     | Reached XP level 16. HP: 149/149 MP: 24/24
 27934 | D:14     | Identified the ring of Makhleb's Pride {Fire rN+ rCorr
                  | Int-4 SInv}
 28231 | D:14     | Reached skill level 5 in Evocations
 28298 | D:15     | Entered Level 15 of the Dungeon
 28326 | D:15     | Identified Roxanne's Elucidation of Sculpting
 28326 | D:15     | Noticed Roxanne
 28344 | D:15     | Noticed Louise
 28356 | D:15     | Killed Louise
 28467 | D:15     | Found a staircase to the Depths.
 29227 | Spider:1 | Entered Level 1 of the Spider Nest
 29256 | Spider:1 | You fall into a shaft and drop 1 floor!
 30106 | Spider:2 | Noticed Mlioglotl
 30116 | Spider:2 | Killed Mlioglotl
 30782 | Spider:2 | Lost intelligence.
 31201 | Spider:1 | Identified the amulet of Fetzatog {Reflect Fragile rF+
                  | rCorr SH+5}
 31729 | Spider:3 | Noticed Arachne
 31754 | Spider:3 | Killed Arachne
 32074 | Spider:3 | Noticed Aizul
 32342 | Spider:2 | Killed Aizul
 32343 | Spider:2 | Reached XP level 17. HP: 141/158 MP: 26/26
 32437 | Spider:3 | Noticed Jorgrun
 32459 | Spider:3 | Killed Jorgrun
 32895 | Spider:4 | Entered Level 4 of the Spider Nest
 35739 | Spider:4 | Reached skill level 10 in Dodging
 36110 | Spider:4 | Got a gossamer rune of Zot
 36118 | Spider:4 | Identified the -2 hat of the Morning {rC- Str+4}
 36277 | Shoals:1 | Entered Level 1 of the Shoals
 36311 | Shoals:1 | Identified the +2 robe of Painted Brilliance {+Inv Str+3
                  | Stlth+}
 37709 | Shoals:3 | Found a large runed translucent door.
 37709 | Shoals:3 | Found a large runed translucent door.
 37721 | Shoals:3 | Noticed Zays's ghost (adept GrEE)
 37804 | Shoals:3 | Reached XP level 18. HP: 49/170 MP: 27/27
 38200 | Shoals:3 | Noticed Polyphemus
 38214 | Shoals:3 | Reached skill level 10 in Throwing
 38217 | Shoals:3 | Killed Polyphemus
 38358 | Shoals:3 | Killed Zays's ghost
 38362 | Shoals:3 | Identified the ring of Siajiwkig {rF+ Int+3 Dex+6}
 38385 | Shoals:4 | Entered Level 4 of the Shoals
 38477 | Shoals:4 | Identified the ring of Tuakiu {rF- rC+ Int+3 Dex+7}
 38642 | Shoals:4 | Identified the +8 chain mail of the Unbroken {rF+ Will+
                  | Int+3}
 39009 | Shoals:4 | Found Niusim's Gadget Gallery.
 39011 | Shoals:4 | Noticed Mara
 39020 | Shoals:4 | Noticed juan097's illusion
 39165 | Shoals:4 | Noticed juan097's illusion
 39219 | Shoals:3 | Noticed juan097's illusion
 39232 | Shoals:3 | Killed Mara
 39470 | Shoals:4 | Identified the +8 chain mail of Entitlement {Str+3}
 39497 | Shoals:4 | Reached skill level 15 in Invocations
 39922 | Shoals:4 | Got a barnacled rune of Zot
 40610 | Vaults:1 | Entered Level 1 of the Vaults
 41059 | Shoals:4 | Bought a phial of floods for 600 gold pieces
 41586 | Vaults:1 | Reached XP level 19. HP: 179/179 MP: 29/29
 41587 | Vaults:1 | Reached XP level 20. HP: 187/187 MP: 30/30
 42955 | Vaults:2 | Identified the +1 broad axe of Ynlysopt {flame, Contam rF+
                  | rCorr SInv}
 43137 | Vaults:2 | Found Coesih's Weapon Shoppe.
 43191 | Vaults:2 | Found a staircase to the Crypt.
 43395 | Vaults:2 | Reached skill level 10 in Shields
 43395 | Vaults:2 | Reached skill level 10 in Evocations
 43934 | Vaults:2 | Reached XP level 21. HP: 156/187 MP: 31/31
 44869 | Vaults:3 | Found a runed translucent gate.
 44869 | Vaults:3 | Found a runed translucent gate.
 44869 | Vaults:3 | Found a runed translucent gate.
 44869 | Vaults:3 | Found an ancient bone altar of Kikubaaqudgha.
 44869 | Vaults:3 | Noticed Yptir's ghost (adept AtFE)
 44869 | Vaults:3 | Noticed Iluymox's ghost (adept KoBr)
 44869 | Vaults:3 | Noticed an ancient lich
 45787 | Vaults:2 | Killed an ancient lich
 45829 | Vaults:2 | Killed Iluymox's ghost
 45898 | Vaults:3 | Killed Yptir's ghost
 45908 | Vaults:3 | Identified the ring of Bustruzoo {Fire Int+2 Dex+3}
 45916 | Vaults:3 | Identified the +1 pair of gloves of Yrurr {Dex+7}
 47197 | Depths:1 | Entered Level 1 of the Depths
 47234 | Depths:1 | Paralysed by a sphinx for 4 turns
 47305 | Depths:1 | Found a glowing silver altar of Zin.
 47474 | Depths:1 | Noticed Saint Roka
 47501 | Depths:1 | Killed Saint Roka
 47831 | Depths:1 | Found a sparkling altar of Nemelex Xobeh.
 47850 | Depths:1 | Reached XP level 22. HP: 198/202 MP: 33/33
 48093 | Depths:1 | Noticed Sojobo
 48102 | Depths:1 | Killed Sojobo
 48103 | Depths:1 | Reached skill level 5 in Stealth
 48208 | Depths:1 | Found a gateway to Hell.
 48569 | Depths:2 | Found a one-way gateway to a ziggurat.
 48831 | Depths:2 | Noticed Vv
 48997 | Depths:2 | Found a burning altar of Makhleb.
 49008 | Depths:2 | Found a glowing golden altar of the Shining One.
 49300 | Depths:2 | Identified the +2 dagger of Xota Due {flame, rPois rN++
                  | Int-5}
 49320 | Depths:2 | Identified the +3 ring mail of Tofev {-Tele rCorr MP+9
                  | Str+4}
 49343 | Depths:2 | Identified the ring "Suohuo" {rElec rC+ MP+9 Dex-5}
 49428 | Depths:2 | Found the +8 frozen axe "Frostbite" {freeze, freezing
                  | cloud, *Noise Fly rC+}
 49865 | Depths:2 | Killed Vv
 50339 | Depths:2 | Found a one-way gate leading to the halls of Pandemonium.
 51053 | Depths:3 | Found an ornate altar of the Wu Jian Council.
 51393 | Depths:3 | Found Wadun's Assorted Antiques.
 51468 | Depths:3 | Found a sacrificial altar of Ru.
 51566 | Depths:3 | Found a hazy altar of Hepliaklqana.
 51775 | Depths:3 | Identified the +0 scale mail of Autumn {rPois Regen+ Dex-5
                  | SInv}
 51865 | Depths:3 | Found a stormy altar of Qazlal.
 51991 | Depths:3 | Found a hazy altar of Hepliaklqana.
 52125 | Depths:3 | Acquired the ring "Vaok" {Will++ rCorr MP-9 Slay+6 Stlth+}
 52143 | Depths:3 | Noticed a golden dragon
 52152 | Depths:3 | Killed a golden dragon
 52153 | Depths:3 | Reached XP level 23. HP: 206/214 MP: 25/34
 52240 | Depths:3 | Found a hazy altar of Hepliaklqana.
 52356 | Depths:3 | Identified the +11 rapier "Afehail" {holy, Fly}
 52637 | Depths:3 | Reached skill level 15 in Shields
 52722 | Depths:4 | Entered Level 4 of the Depths
 52722 | Depths:4 | Noticed Frederick
 52722 | Depths:4 | Found a bloodstained altar of Trog.
 52731 | Depths:4 | Killed Frederick
 52745 | Depths:4 | Found a one-way gate to the infinite horrors of the Abyss.
 52745 | Depths:4 | Noticed a juggernaut
 52878 | Depths:4 | Noticed Boris
 52902 | Depths:3 | Killed Boris
 52920 | Depths:3 | Killed a juggernaut
 53252 | Depths:4 | Found a gate to the Realm of Zot.
 54382 | Vaults:5 | Entered Level 5 of the Vaults
 54658 | Vaults:5 | Gained mutation: You are clumsy. (Dex -2) [a shining eye]
 55268 | Vaults:5 | Got a silver rune of Zot
 55304 | Vaults:5 | Noticed a shard shrike
 55306 | Vaults:5 | a shard shrike changed into a titan
 55323 | Vaults:5 | Identified the +7 quarterstaff "Tomeuxzu" {speed, Int+4}
 55324 | Vaults:5 | Noticed an ancient lich
 55468 | Vaults:4 | Killed an ancient lich
 55557 | Vaults:5 | Identified the +8 short sword "Goren" {flame, Will++ Str+2}
 55674 | Vaults:5 | Identified the +2 great sword "Arcanum" {drain, rPois rCorr
                  | Int+3 Dex+3}
 55751 | Vaults:5 | Got the Octavo of Transformation and Accomplices
 55763 | Vaults:5 | Noticed an ancient lich
 55799 | Vaults:5 | Killed an ancient lich
 55800 | Vaults:5 | Reached XP level 24. HP: 87/224 MP: 25/34
 55986 | Vaults:5 | Identified the amulet of Piarhept {Regen+ Str+2 SInv}
 56114 | Vaults:5 | Identified the +9 battleaxe "Killer Klown's Peril" {venom,
                  | rCorr Int+3 SInv}
 56381 | Vaults:5 | Reached skill level 15 in Throwing
 56383 | Vaults:5 | Identified the +2 pair of boots "Caizupnu" {Harm rF+ rC-
                  | Regen+}
 56506 | Vaults:5 | Identified the +2 leather armour of the Zebra {Will- Int+4}
 56587 | Vaults:5 | Identified the staff of poison "Oruy" {+Blink rPois rCorr}
 56650 | Vaults:5 | Identified the +2 longbow "Ukli Jef" {flame, Fragile rC+
                  | Str+3 SInv}
 57188 | Zot:1    | Entered Level 1 of the Realm of Zot
 57435 | Zot:1    | Noticed a Killer Klown
 57483 | Zot:1    | Noticed a Killer Klown
 57550 | Zot:1    | Killed a Killer Klown
 57552 | Zot:1    | Killed a Killer Klown
 57700 | Zot:1    | Reached XP level 25. HP: 235/235 MP: 34/34
 58752 | Zot:3    | Noticed Grunn
 58776 | Zot:3    | Killed Grunn
 59040 | Zot:4    | Reached XP level 26. HP: 238/240 MP: 34/34
 59179 | Zot:5    | Entered Level 5 of the Realm of Zot
 59526 | Zot:5    | Identified the ring "Luzupev" {rElec rC+ Will+ Str+6 Int-5
                  | Slay+6}
 60044 | Zot:5    | Reached skill level 15 in Evocations
 60064 | Zot:5    | Noticed a dread lich
 60073 | Zot:5    | Killed a dread lich
 60119 | Zot:5    | Noticed a dread lich
 60334 | Zot:5    | Got the Orb of Zot
 60340 | Zot:5    | Noticed an orb of fire
 60340 | Zot:5    | Gained mutation: You sometimes lose your temper in combat.
                  | [an orb of fire]
 60340 | Zot:5    | Noticed an orb of fire
 60342 | Zot:5    | Gained mutation: You have hidden genetic defects. [an orb
                  | of fire]
 60354 | Zot:4    | Noticed an orb of fire
 60367 | Zot:4    | Killed an orb of fire
 60459 | Zot:2    | Lost mutation: You sometimes lose your temper in combat.
                  | [potion of mutation]
 60459 | Zot:2    | Lost mutation: You have hidden genetic defects. [potion of
                  | mutation]
 60459 | Zot:2    | Gained mutation: Your flesh is cold resistant. (rC+)
                  | [potion of mutation]
 60459 | Zot:2    | Lost mutation: You are clumsy. (Dex -2) [potion of
                  | mutation]
 60879 | D:4      | Noticed Boris
 60926 | D:$      | Escaped with the Orb!

Illustrated notes

Levels and vault maps discovered:
D:1:      matt_arrival_los_fun, layout_rooms, serial_shops,
          nicolae_book_shop_shelving
D:2:      layout_loops_ring, serial_bayou, serial_bayou_pond_a,
          serial_bayou_ford_a, serial_bayou_pond_d, serial_bayou_lagoon_a
D:3:      wad_pebble_path, layout_basic, serial_shops, shop,
          gup_sewer_entry_bowl
D:4:      layout_basic, mainiacjoe_overflow_concentric_impassable, serial_shops,
          shop_fountains, grunt_ministairs_7
D:5:      layout_rooms, mainiacjoe_overflow_cross_hatched,
          mainiacjoe_overflow_paths, lemuel_tele_altar,
          minmay_temple_entry_butterflies, kennysheep_generic_room_3,
          uniq_edmund
D:6:      layout_basic, uniq_grinder
D:7:      layout_loops_ring, enter_bailey_4, uniq_crazy_yiuf_cottage
D:8:      layout_rooms, biasface_ghost_orc_armoury, serial_shops,
          shop_fountains, minmay_misc_feat_plants, reono_crystal_passage,
          uniq_pikel
D:9:      layout_basic, mainiacjoe_overflow_catch_the_wave, lair_entry_dummy,
          ebering_ghost_rock_garden, kennysheep_generic_room_16
D:10:     layout_basic, serial_shops, nicolae_shop_competitors_out_of_business,
          roderic_lattice_a, solitary_fountain, minmay_door_square,
          minmay_pinched_square
D:11:     layout_basic
D:12:     minmay_the_grid_triangle_9x9_recursive_2_mashed
          [minmay_the_grid_triangle_9x9_prize_insulated,
          minmay_the_grid_triangle_9x9_skeleton,
          minmay_the_grid_triangle_9x9_descending_squares,
          minmay_the_grid_triangle_9x9_fully_insulated_deathbox],
          layout_long_grid, david_orc_4, portal_ice_cave_rime, uniq_azrael,
          uniq_lodul
D:13:     layout_long_grid, skrybe_vaults_entry_preservation, kennysheep_donut,
          minmay_misc_feat_nine_boxes
D:14:     minmay_curly_fans, layout_gridville, nrook_pool_corridor
D:15:     hangedman_depths_entry_try_elsewhere_first, layout_cave_pools,
          uniq_roxanne, uniq_louise
Lair:1:   layout_loops_ring, basic_altar
Lair:2:   layout_chaotic_city, minmay_shoals_entry_lonely_mermaid,
          spider_nest_entry_funnel_web, st_stairs_8, minivault_26,
          serial_bayou_lagoon_b, infiniplex_staircase_pool
Lair:3:   layout_gridlike, st_stairs_3, hangedman_lair_unloving_vines,
          grunt_megastairs_5
Lair:4:   layout_long_grid, uniq_kirke, uniq_josephine
Lair:5:   minmay_lair_end_enchanted_forest, layout_cave_pods, slime_entry_1,
          gammafunk_ghost_split, uniq_snorg
Shoals:1: layout_shoals
Shoals:2: layout_shoals, nicolae_shoals_nautilus_by_nature
Shoals:3: layout_shoals, ebering_ghost_disaster_area, uniq_polyphemus
Shoals:4: shoals_end_grunt_ice, layout_shoals, nicolae_shoals_square_sea_wall,
          nicolae_shop_gadgets, uniq_mara
Spider:1: layout_spider_delve
Spider:2: layout_cave_pods, uniq_mlioglotl
Spider:3: layout_spider_delve, uniq_arachne, uniq_aizul, uniq_jorgrun
Spider:4: grunt_spider_rune_circles, beargit_elvish_explorers
Orc:1:    layout_caves, basic_altar, guppyfry_orc_lava_fort, uniq_gastronok,
          uniq_harold
Orc:2:    st_orc_congregation, layout_caves, minmay_orc_temple_b
Vaults:1: vaults_room_fancy_cross, nicolae_vaults_tetromino_L_2,
          nicolae_vaults_little_squares_5, ontoclasm_vaults_tryst,
          vaults_dpeg_encased_lava, nicolae_vaults_trapezoid_lopsided_3,
          vaults_standard_mumra_lines, nicolae_vaults_little_ls,
          nicolae_vaults_yaktaur_gun_rack, layout_vaults_big_room
Vaults:2: minmay_crypt_entry_simple_sparse, vaults_room_hallway,
          grunt_vaults_diagonal, v_misc_30, st_lines, hangedman_vaults_pinch,
          nicolae_vaults_closet_pinwheel_4, hangedman_vaults_nodes,
          ontoclasm_vaults_shuriken, nicolae_vaults_taking_the_gang_shopping,
          vaults_dpeg_cross, grunt_vaults_funnel, layout_vaults_maze
Vaults:3: gammafunk_ghost_crypt, nicolae_vaults_trapezoid_4,
          nicolae_vaults_little_squares_4, nicolae_vaults_mitosis,
          nicolae_vaults_house_1, vaults_room_door_ring,
          ontoclasm_vaults_gateway, nicolae_vaults_storage_closets_2,
          nicolae_vaults_closet_pinwheel_4, ontoclasm_vaults_decontamination,
          vaults_dpeg_spiral, grunt_vaults_focal, nicolae_vaults_six-pack,
          vaults_mumra_hexcomb, nicolae_vaults_trapezoid_lopsided_3,
          nicolae_vaults_trapezoid_1, layout_vaults_omnibox
Vaults:4: grunt_vaults_hallway_long, nicolae_vaults_little_squares_4,
          nicolae_vaults_frosty_reception, v_misc_15,
          nicolae_vaults_tetromino_Z_2, nicolae_vaults_rhombus_7,
          nicolae_vaults_two_Ls, layout_vaults_omnigrid
Vaults:5
Depths:1: layout_gridlike, hell_entry, nemelex_xobeh_ov_fountains_minmay,
          zin_treasury, nicolae_triple_integral, uniq_sojobo, uniq_saint_roka
Depths:2: minmay_fractal_lines_corner, layout_honeycomb, enter_ziggurat_a,
          minmay_stone_trees_small, hellmouth_3, rand_demon_pan_entry_9,
          kennysheep_small_spiral, nzn_life_drinkers, uniq_vv, uniq_josephina
Depths:3: hangedman_box_tower, layout_long_grid, marbit_kobold_abyss_entry,
          nicolae_wu_jian_immortal_techniques, hangedman_coc_ice_floe,
          serial_shops, shop, pan_entry, nicolae_ru_sacrificial_ziggurat,
          infiniplex_staircase_door_maze
Depths:4: grunt_x_marks_the_spot, layout_cave_pools, hell_entry, bloody_trog,
          abyss_entry, serial_bayou_shore_b, uniq_frederick, uniq_boris
Zot:1:    grunt_zot_stairs_faceoff, layout_cathedral_of_symmetry
Zot:2:    lemuel_halls_of_wrath, layout_gridlike, grunt_ministairs_8,
          nicolae_zot_crop_circle, grunt_megastairs_1
Zot:3:    layout_concentric_octagons, uniq_grunn
Zot:4:    nicolae_zot_draconian_monastery, layout_gridlike
Zot:5:    layout_basic, kennysheep_underground_church

Skill      XL: |  1  2  3  4  5  6  7  8  9 10 11 12 13 14 15 16 17 18 19 20 21 22 23 24 25 26 |
---------------+-------------------------------------------------------------------------------+-----
Axes           | 3 4 5 6 8 10 12 13 15 17 18 19 20 | 20.0
Dodging        | 1 2 3 4 6 8 10 12 13 14 | 14.0
Armour         | 4 5 6 7 9 10 11 13 14 15 16 17 21 22 | 22.0
Shields        | 4 5 6 9 10 12 14 16 | 16.0
Fighting       | 4 5 6 7 9 10 11 13 14 15 16 17 18 19 20 21 22 | 22.0
Invocations    | 1 3 4 6 7 8 10 12 13 14 15 16 17 18 | 18.0
Throwing       | 1 3 4 6 8 9 11 12 13 14 15 16 18 | 18.0
Stealth        | 2 4 7 8 |  8.0
Evocations     | 1 4 6 8 9 10 12 13 14 16 | 16.0

Action                     |  1- 3 |  4- 6 |  7- 9 | 10-12 | 13-15 | 16-18 | 19-21 | 22-24 | 25-27 || total
---------------------------+-------+-------+-------+-------+-------+-------+-------+-------+-------++-------
  Melee: War axe           |    62 |   131 |   340 |   409 |       |       |       |       |       ||   942
         Headbutt          |    10 |    17 |    59 |   141 |   340 |   328 |   293 |   468 |   196 ||  1852
         Broad axe         |       |       |       |   165 |  1351 |  1315 |   849 |  1290 |   574 ||  5544
         Unarmed           |       |       |       |       |     4 |       |       |       |       ||     4
         Flail             |       |       |       |       |       |     4 |     8 |       |       ||    12
  Throw: Dart              |       |     1 |    13 |    42 |    79 |   199 |     7 |     8 |       ||   349
         Boomerang         |       |       |    10 |     4 |    24 |    35 |    21 |    59 |    13 ||   166
         Throwing net      |       |       |       |     2 |       |       |       |       |       ||     2
         Javelin           |       |       |       |       |       |       |     5 |     3 |     2 ||    10
 Invoke: Major Destruction |       |       |       |       |    20 |     6 |     1 |    13 |       ||    40
         Lesser Servant of |       |       |       |       |     3 |       |       |       |       ||     3
         Greater Servant o |       |       |       |       |       |     3 |     1 |     2 |       ||     6
  Evoke: Wand              |       |       |     6 |     5 |     9 |    47 |     6 |     8 |     1 ||    82
         Phial of floods   |       |       |       |       |       |       |     1 |     1 |       ||     2
    Use: Potion            |       |     1 |       |       |       |     8 |     3 |     4 |     5 ||    21
         Scroll            |       |     1 |    11 |     8 |    17 |    10 |       |    21 |     3 ||    71
   Stab: Sleeping          |       |       |       |     6 |     2 |       |       |     4 |       ||    12
         Distracted        |       |       |       |     1 |     4 |       |       |     5 |       ||    10
         Invisible         |       |       |       |       |       |     2 |       |       |       ||     2
 Armour: Scale mail        |    25 |    77 |    54 |       |       |       |       |       |       ||   156
         Leather armour    |       |       |    64 |   203 |   154 |       |       |       |       ||   421
         Acid dragon scale |       |       |       |       |   222 |       |       |       |       ||   222
         Plate armour      |       |       |       |       |    37 |   710 |       |       |       ||   747
         Chain mail        |       |       |       |       |       |    91 |   236 |   420 |       ||   747
         Gold dragon scale |       |       |       |       |       |       |       |    83 |   290 ||   373
  Dodge: Dodged            |    40 |    89 |   159 |   256 |   805 |   799 |   268 |   495 |   165 ||  3076
  Block: Buckler           |    16 |    46 |    92 |   109 |   290 |   698 |       |       |       ||  1251
         Reflection        |       |       |       |       |     9 |    41 |    35 |    39 |     6 ||   130
         Kite shield       |       |       |       |       |       |    33 |   546 |   975 |   341 ||  1895

Table legend: (Time is in decaauts)
 A = Elapsed time spent in this place.
 B = Non-inter-level travel time spent in this place.
 C = Inter-level travel time spent in this place.
 D = Time resting spent in this place.
 E = Time spent auto-exploring this place.
 F = Levels seen in this place.
 G = Mean time per level.
                   A        B        C        D        E       F      G
               +--------+--------+--------+--------+--------+-----+--------+
         Total |  59998 |  55677 |   4321 |   2821 |  39699 |  47 | 1276.6 |
       Dungeon |  17891 |  16165 |   1726 |    662 |  12188 |  15 | 1192.7 |
          Lair |   7652 |   6997 |    655 |      0 |   5521 |   5 | 1530.4 |
        Shoals |   4541 |   4150 |    391 |    559 |   2569 |   4 | 1135.2 |
   Spider Nest |   6822 |   6587 |    235 |    701 |   4643 |   4 | 1705.5 |
  Orcish Mines |   2746 |   2486 |    260 |     10 |   1616 |   2 | 1373.0 |
        Vaults |   8281 |   7906 |    375 |    573 |   5440 |   5 | 1656.2 |
        Depths |   7054 |   6587 |    467 |    120 |   4836 |   4 | 1763.5 |
           Zot |   3152 |   2943 |    209 |    152 |   1702 |   5 |  630.4 |
         Sewer |    658 |    658 |      0 |      0 |    411 |   1 |  658.0 |
        Bailey |    325 |    325 |      0 |      9 |    219 |   1 |  325.0 |
      Ice Cave |    872 |    872 |      0 |     32 |    551 |   1 |  872.0 |
               +--------+--------+--------+--------+--------+-----+--------+

Top non-repeatable levels by time:
    D:12: 2845 daAuts
Depths:3: 2773 daAuts
Spider:4: 2303 daAuts
Vaults:5: 2210 daAuts
Spider:2: 2182 daAuts
Depths:2: 2156 daAuts
  Lair:5: 2100 daAuts
   Orc:2: 2071 daAuts
  Lair:4: 1999 daAuts
Shoals:4: 1782 daAuts
     D:9: 1736 daAuts
Spider:3: 1710 daAuts
     D:3: 1668 daAuts
Vaults:2: 1613 daAuts
Vaults:3: 1607 daAuts
